 Dungeon Crawl Stone Soup version 0.24.0-13-gcf9b319 (webtiles) character file.

Game seed: 14221988700848662823, levelgen mode: deterministic

272 Bob6969 the Shield-Bearer (level 6, -12/69 HPs)
             Began as a Draconian Fighter on Mar 21, 2020.
             Killed by divine providence
             ... invoked by an orc priest
              (17 damage)
             ... on level 3 of the Dungeon.
             The game lasted 00:13:10 (3008 turns).

Bob6969 the Shield-Bearer (Draconian Fighter)       Turns: 3008, Time: 00:13:10

Health: -12/69     AC:  7    Str: 27    XL:     6   Next: 2%
Magic:  6/6        EV: 11    Int:  9    God:
Gold:   129        SH: 10    Dex: 10    Spells: 5/5 levels left

rFire    + . .     SeeInvis .   q - +1 long sword (venom)
rCold    + . .     Gourm    .   b - +0 shield
rNeg     . . .     Faith    .   (armour unavailable)
rPois    .         Spirit   .   (helmet restricted)
rElec    .         Reflect  .   l - scarf {rC+ rF+}
rCorr    .         Harm     .   r - +0 pair of gloves
MR       .....                  (no boots)
Stlth    ..........             (no amulet)
HPRegen  0.21/turn              o - ring of stealth
MPRegen  0.10/turn              (no ring)

@: berserking (expiring), very quick
A: unfitting armour, fangs 1, frail 1, strong 1, cold-blooded, AC +6
a: no special abilities


You were on level 3 of the Dungeon.
You were hungry.

You visited 1 branch of the dungeon, and saw 3 of its levels.

You collected 129 gold pieces.

Inventory:

Hand Weapons
 g - a +2 dagger of draining
 m - a +2 dagger of speed
 q - a +1 long sword of venom (weapon)
Missiles
 f - 240 stones
 k - 16 poisoned darts (quivered)
 p - 8 boomerangs
Armour
 b - a +0 shield (worn)
 l - a scarf of resistance (worn)
 r - a +0 pair of gloves (worn)
Jewellery
 o - a ring of stealth (left hand)
Wands
 c - a wand of polymorph (6)
Scrolls
 e - 4 scrolls of identify
 n - a scroll of magic mapping
 t - a scroll of teleportation
 u - a scroll of remove curse
Potions
 a - a potion of curing
 i - a potion of brilliance
 s - 2 potions of degeneration {unknown}
Comestibles
 d - 6 rations
 h - 2 chunks of flesh


   Skills:
 + Level 4.0 Fighting
 + Level 1.6 Short Blades
   Level 2.9 Axes
 + Level 0.3 Throwing
 + Level 4.0 Dodging
 + Level 1.0 Stealth
 + Level 4.3 Shields


You had 5 spell levels left.
You didn't know any spells.
Your spell library was empty.

Dungeon Overview and Level Annotations

Branches:
Dungeon (3/15)

Altars:
Cheibriados
Nemelex Xobeh


Innate Abilities, Weirdness & Mutations

Your plain brown scales are hard. (AC +6)
You cannot fit into any form of body armour.
You are cold-blooded and may be slowed by cold attacks.
You have very sharp teeth.
You are frail. (-10% HP)
Your muscles are strong. (Str +2)


Message History

a +0 dagger of electrocution; a +0 robe; an orc corpse You hit the orc.
The orc is poisoned.
The orc is severely wounded.
The orc hits you with a +0 mace!
* * * LOW HITPOINT WARNING * * *
You completely miss the orc.
Your tail-slap misses the orc.
The orc is almost dead.
You kill the orc!
You closely miss something.
Your tail-slap misses something.
Your bite misses something.
You hear some strange, mumbled words.
A puff of flame appears from out of thin air!
The puff of flame hits you. You resist.
* * * LOW HITPOINT WARNING * * *
You barely miss something. Something hits you.
* * * LOW HITPOINT WARNING * * *
You are too berserk!
The orc priest invokes the aid of Beogh against you.
Beogh smites you!
You die...

#.# ##..# #.# #.#
##...# #.#
#######.###..[.###
#.#
.รท...............#
#.#
#######.###..###.#
#.# # #.# #..# #$#
#.# # #.# #..# #.#
#.# #######.# #..#
#.# #.#
........###..# #@#
#.#
...^.........###)#
#.###
############..##)#
#.... # ##.##o#
##### # #.##o# #
#.##.# # #>##.. #
#.#### #.#


You could see an orc priest and an orc.

Vanquished Creatures
  A sky beast (D:2)
  An orc wizard (D:3)
  Robin (D:2)
  5 adders
  An ooze (D:3)
  2 worms (D:2)
  A dart slug (D:1)
  2 leopard geckos
  2 orcs (D:3)
  2 giant cockroaches
  16 goblins
  10 hobgoblins
  4 jackals
  10 kobolds
  2 ball pythons
  2 bats
  5 frilled lizards
  9 rats
76 creatures vanquished.

Notes
Turn   | Place    | Note
-------+----------+-------------------------------------------
     0 | D:1      | Bob6969 the Draconian Fighter began the quest for the Orb.
     0 | D:1      | Reached XP level 1. HP: 19/19 MP: 1/1
   144 | D:1      | Reached XP level 2. HP: 22/26 MP: 2/2
   416 | D:1      | Gained mutation: Your muscles are strong. (Str +2) [potion
                  | of mutation]
   416 | D:1      | Gained mutation: You are frail. (-10% HP) [potion of
                  | mutation]
   416 | D:1      | Gained mutation: You have very sharp teeth. [potion of
                  | mutation]
  1273 | D:2      | Reached XP level 3. HP: 14/27 MP: 3/3
  1917 | D:2      | Noticed Robin
  1919 | D:2      | Killed Robin
  1919 | D:2      | Reached XP level 4. HP: 36/36 MP: 4/4
  2052 | D:2      | Noticed a sky beast
  2110 | D:2      | Killed a sky beast
  2110 | D:2      | Reached skill level 1 in Stealth
  2110 | D:2      | Reached XP level 5. HP: 28/41 MP: 5/5
  2611 | D:2      | Reached skill level 1 in Short Blades
  2751 | D:3      | Found a sparkling altar of Nemelex Xobeh.
  2839 | D:3      | Found a snail-covered altar of Cheibriados.
  3002 | D:3      | Reached XP level 6. HP: 32/46 MP: 6/6
  3008 | D:3      | Killed from afar by an orc priest

Levels and vault maps discovered:
D:1:      dpeg_arrival_arbitrary_a, layout_loops_ring, minmay_misc_feat_columns,
          hangedman_abyss_or_decor_lesser_grid, nrook_mini_vaults
D:2:      layout_basic, kennysheep_generic_room_4, uniq_robin
D:3:      layout_loops_ring, cheibriados_altar_1, first_ration,
          nemelex_dance_club_becter

Skill      XL: |  1  2  3  4  5 |
---------------+----------------+-----
Dodging        | 3 4 |  4.0
Fighting       | 4 |  4.0
Stealth        | 1 |  1.0
Shields        | 4 |  4.3
Short Blades   | 1 |  1.6
Axes           | |  2.9
Throwing       | |  0.3

Action                   |  1- 3 |  4- 6 || total
-------------------------+-------+-------++-------
Melee: War axe           |   117 |       ||   117
       Tailslap          |     8 |    13 ||    21
       Bite              |     4 |     9 ||    13
       Dagger            |     2 |    92 ||    94
       Long sword        |       |     8 ||     8
Throw: Dart              |       |     6 ||     6
  Use: Potion            |     9 |     3 ||    12
       Scroll            |     5 |       ||     5
  Eat: Ration            |     1 |       ||     1
       Chunk             |       |     3 ||     3
Armor: Skin              |    37 |    20 ||    57
Dodge: Dodged            |    55 |    30 ||    85
Block: Shield            |    61 |    41 ||   102
